 Dungeon Crawl Stone Soup version 0.19.4-9-g45fd643 (webtiles) character file.

108321 Mefis the Thaumaturge (level 16, 0/76 HPs)
             Began as a Deep Elf Wizard on Feb 14, 2017.
             Was an Elder of Sif Muna.
             Slain by a black mamba (4 damage)
             ... on level 3 of the Snake Pit on Feb 15, 2017.
             The game lasted 02:23:40 (42820 turns).

Mefis the Thaumaturge (Deep Elf Wizard)            Turns: 42820, Time: 02:23:40

Health: 0/76       AC: 25    Str:  4    XL:     16   Next: 2%
Magic:  29/44      EV: 22    Int: 30    God:    Sif Muna [****..]
Gold:   133        SH:  0    Dex: 19    Spells: 13 memorised, 3 levels left

rFire  + + .     SeeInvis +     a - staff of cold
rCold  + + .     Gourm    .     J - +2 robe {MR+}
rNeg   + + +     Faith    .     (no shield)
rPois  +         Spirit   .     e - +2 hat {SInv}
rElec  .         Reflect  .     c - +2 cloak of the Stars {rPois rF+++ rN+ MR-}
rCorr  .         Harm     .     v - +0 pair of gloves of the Flute {MR+ Str+2 Dex+3} (curse)
MR     ++...                    x - +1 pair of boots "Teudiago" {rN++}
Stlth  ++++......               g - amulet "Rink" {Regen+ Str-2 Dex+2 Stlth+}
                                E - ring of magical power
                                r - ring of ice

@: icy armour, shrouded, repel missiles, divine energy, slow
A: no striking features
a: Stop Divine Energy, Channel Magic, Forget Spell, Renounce Religion


You were on level 3 of the Snake Pit.
You worshipped Sif Muna.
Sif Muna was greatly pleased with you.
You were hungry.

You visited 5 branches of the dungeon, and saw 25 of its levels.

You collected 2090 gold pieces.
You spent 1957 gold pieces at shops.

Inventory:

Missiles
 B - a throwing net
 F - 4 tomahawks of dispersal (quivered)
Armour
 c - the +2 cloak of the Stars (worn) {rPois rF+++ rN+ MR-}
   (You found it on level 10 of the Dungeon)

   It renders you almost immune to fire.
   It protects you from poison.
   It protects you from negative energy.
   It affects your resistance to hostile enchantments.
 e - a +2 hat of see invisible (worn)
 v - the cursed +0 pair of gloves of the Flute (worn) {MR+ Str+2 Dex+3}
   (You bought it in a shop on level 2 of the Orcish Mines)

   It affects your strength (+2).
   It affects your dexterity (+3).
   It affects your resistance to hostile enchantments.
   It has a curse placed upon it.
 x - the +1 pair of boots "Teudiago" (worn) {rN++}
   (You acquired it on level 2 of the Snake Pit)

   It greatly protects you from negative energy.
 J - a +2 robe of magic resistance (worn)
 K - a +0 pair of boots
Magical Staves
 a - an uncursed staff of cold (weapon)
Jewellery
 b - an uncursed ring of flight
 g - the amulet "Rink" (around neck) {Regen+ Str-2 Dex+2 Stlth+}
   (You found it on level 6 of the Lair of Beasts)

   [amulet of regeneration]

   It affects your strength (-2).
   It affects your dexterity (+2).
   It increases your rate of regeneration.
   It makes you more stealthy.
 n - a +3 ring of dexterity
 r - a ring of ice (left hand)
 z - an uncursed ring of resist corrosion
 E - a ring of magical power (right hand)
Wands
 o - a wand of acid (10/15)
 p - a wand of random effects (26/48)
 H - a wand of iceblast (6/15)
 U - a wand of disintegration (6/24)
 X - a wand of polymorph (11/24)
Scrolls
 f - a scroll of fog
 h - 4 scrolls of fear
 i - 6 scrolls of remove curse
 j - 3 scrolls of teleportation
 k - 3 scrolls of identify
 q - 4 scrolls of magic mapping
 y - 2 scrolls of blinking
 Z - 2 scrolls of summoning
Potions
 l - 5 potions of agility
 m - a potion of flight
 s - a potion of cancellation
 t - 11 potions of curing
 w - a potion of beneficial mutation {unknown}
 A - 3 potions of heal wounds
 P - 2 potions of brilliance
 S - 3 potions of haste
Books
 u - a book of Beasts

   Spells                             Type                      Level
   a - Summon Butterflies             Summoning                    1
   b - Call Canine Familiar           Summoning                    3
   c - Summon Ice Beast               Ice/Summoning                4
   d - Summon Mana Viper              Hexes/Summoning              5
   e - Summon Hydra                   Summoning                    7
Comestibles
 d - 8 bread rations
 C - 11 royal jellies
 N - a fruit
 O - 4 beef jerkies
 Q - 2 slices of pizza


   Skills:
 + Level 0.1 Fighting
 + Level 12.0 Dodging
 - Level 5.8 Stealth
 + Level 13.5 Spellcasting
 + Level 10.5 Conjurations
 - Level 12.4 Hexes
 + Level 10.7 Charms
 - Level 4.3 Summonings
 + Level 3.6 Necromancy
 + Level 7.0 Translocations
 - Level 5.7 Transmutations
 + Level 10.1 Ice Magic
 - Level 3.8 Air Magic
 + Level 9.7 Earth Magic
   Level 2.1 Poison Magic
 - Level 8.8 Invocations
 + Level 9.6 Evocations


You had 3 spell levels left.
You knew the following spells:

 Your Spells              Type           Power        Failure   Level  Hunger
a - Magic Dart            Conj           ####         1%          1    None
b - Summon Butterflies    Summ           #####...     1%          1    None
c - Blink                 Tloc           N/A          1%          2    None
d - Lee's Rapid Deconstr  Erth           ######....   1%          5    None
g - Slow                  Hex            #######.     1%          2    None
i - Regeneration          Chrm/Necr      ######....   1%          3    None
j - Petrify               Tmut/Erth      ######..     1%          4    None
m - Iskenderun's Battles  Conj/Chrm      ######..     1%          5    None
o - Shroud of Golubria    Chrm/Tloc      ######....   1%          2    None
p - Ozocubu's Armour      Chrm/Ice       ########     1%          3    None
s - Throw Icicle          Conj/Ice       ########     1%          4    None
u - Repel Missiles        Chrm/Air       ######       1%          2    None
w - Metabolic Englaciati  Hex/Ice        ########..   1%          5    None


Dungeon Overview and Level Annotations

Branches:
Dungeon (13/15)            Temple (1/1) D:5            Lair (6/6) D:8
  Swamp (0/4) Lair:4        Snake (3/4) Lair:3        Slime (0/5) Lair:5
    Orc (2/2) D:11            Elf (0/3) Orc:2
 Vaults: D:13-14

Altars:
Ashenzari
Cheibriados
Dithmenos
Elyvilon
Fedhas
Gozag
Hepliaklqana
Kikubaaqudgha
Makhleb
Nemelex Xobeh
Okawaru
Qazlal
Ru
Sif Muna
Trog
Uskayaw
Vehumet
Xom
Yredelemnul
Zin
The Shining One
Jiyva
Lugonu

Shops:
D:6 =   Orc:1 %   Orc:2 }((?[[*?*

Portals:
Hell: Lair:6
Trove: D:13 (give 14 scrolls of teleportation)

Annotations:
Lair:2 Harold
Snake:3 Azrael


Message History

The bolt hits you!!
The naga sharpshooter spits poison at you.
The splash of poison is repelled.
The naga sharpshooter spits poison at you.
The splash of poison hits you! You resist.
The naga sharpshooter unwields an uncursed short sword.
The naga sharpshooter wields an uncursed arbalest.
The naga sharpshooter shoots a bolt.
The bolt barely misses you.
The naga sharpshooter gestures wildly while chanting.
The naga sharpshooter magically shoots a bolt.
The bolt hits you!!
* * * LOW HITPOINT WARNING * * *
The naga sharpshooter unwields an uncursed mace.
The naga sharpshooter wields an uncursed arbalest.
The naga sharpshooter shoots a bolt.
The bolt hits you!
* * * LOW HITPOINT WARNING * * *
There is a stone staircase leading up, spattered with blood here.
You see here 3 bolts.
The black mamba bites you.
You die...

#..# .[.#.
####...N.
#....N.#
#.....#
##....#
#.....#N..
#@S...N$..
#........#...
#####.#..#
..##.# ... ##
....# .####
##


You could see 4 naga sharpshooters and a black mamba.

Vanquished Creatures
  Gastronok (Orc:2)
  Agnes (Snake:2)
  An orc warlord (Orc:2)
  A stone giant (Orc:2)
  A dire elephant (Lair:6)
  A yaktaur captain (D:13)
  Erolcha (Orc:1)
  3 naga warriors (Snake:1)
  Fannar (Orc:1)
  7 hydras
  6 anacondas
  4 death yaks
  A shock serpent (Snake:2)
  4 naga sharpshooters
  3 orc high priests (Orc:2)
  Nergalle (Lair:4)
  A salamander mystic (Snake:1)
  A sixfirhy (Lair:6)
  3 naga ritualists
  2 unseen horrors
  A wizard (Lair:6)
  7 orc knights
  7 hill giants
  6 mana vipers
  4 orc sorcerers (Orc:2)
  5 salamanders
  2 cyclopes (D:12)
  3 ugly things
  A guardian serpent (Snake:1)
  Maurice (Orc:2)
  18 black mambas
  13 elephants
  Joseph (D:7)
  A smoke demon (Lair:6)
  6 naga magi
  A molten gargoyle (D:13)
  2 orange demons (Lair:6)
  A gargoyle (D:13)
  16 spiny frogs
  3 rime drakes
  2 yaktaurs (D:13)
  A red devil (Lair:6)
  A hellwing (Lair:6)
  5 komodo dragons
  4 ice devils (Lair:6)
  4 polar bears
  3 trolls
  2 two-headed ogres (D:12)
  A queen bee (D:11)
  15 hippogriffs
  17 dream sheep
  20 blink frogs
  A meliai zombie (D:11)
  A shadow (D:12)
  3 vampires
  47 yaks
  2 fire elementals (Snake:3)
  5 basilisks
  5 vampire mosquitoes
  A hungry ghost (D:12)
  15 nagas
  2 wargs
  A mottled dragon (D:12)
  15 water moccasins
  3 hell hounds
  8 porcupines
  33 orc warriors
  A black bear (Lair:4)
  A hornet zombie (D:11)
  3 ice beasts
  A sky beast (D:11)
  9 ogres
  5 phantoms
  A necrophage (D:11)
  An eye of draining (D:12)
  18 wolves
  3 centaurs
  20 crocodiles
  2 big kobolds
  A wyvern zombie (D:12)
  11 bullfrogs
  8 scorpions
  3 troll zombies (D:11)
  12 wights
  30 killer bees
  5 electric eels
  4 howler monkeys
  4 crimson imps
  A bullfrog zombie (D:12)
  A lava snake (D:13)
  A centaur zombie (D:7)
  3 jellies
  2 quasits
  23 orc priests
  3 bullfrog skeletons
  2 centaur skeletons
  6 hounds
  31 orc wizards
  Natasha (twice) (D:3)
  2 iguanas (D:11)
  8 worker ants
  5 ogre zombies (D:11)
  A hound zombie (D:10)
  A hound skeleton (D:11)
  A worker ant zombie (D:9)
  A howler monkey zombie (D:9)
  12 gnolls
  14 adders
  11 shadow imps
  2 oozes
  2 adder skeletons (D:4)
  A worm (D:3)
  3 dart slugs
  11 leopard geckos
  95 orcs
  4 ball pythons
  A bat zombie (D:1)
  8 giant cockroaches
  30 hobgoblins
  18 jackals
  9 quokkas
  19 bats
  3 frilled lizards
  30 goblins
  3 goblin skeletons (D:11)
  3 goblin zombies (D:11)
  2 hobgoblin skeletons (D:11)
  4 hobgoblin zombies (D:11)
  14 kobolds
  A leopard gecko skeleton (D:4)
  A leopard gecko zombie (D:1)
  2 orc skeletons (D:11)
  11 orc zombies (D:11)
  A quokka skeleton (D:4)
  17 rats
  A fungus (Lair:4)
930 creatures vanquished.

Vanquished Creatures (collateral kills)
  A phantom (D:4)
  A scorpion (D:4)
  A killer bee (D:8)
  Robin (D:3)
  4 gnolls
  A worm (D:2)
  An orc (D:4)
  5 goblins
  A hobgoblin (D:6)
  5 jackals
  A frilled lizard (D:3)
  A kobold (D:6)
23 creatures vanquished.

Vanquished Creatures (others)
  A bullfrog (D:6)
  30 fungi
  13 plants
44 creatures vanquished.

Grand Total: 997 creatures vanquished

Notes
Turn   | Place    | Note
-------+----------+-------------------------------------------
     0 | D:1      | Mefis the Deep Elf Wizard began the quest for the Orb.
     0 | D:1      | Reached XP level 1. HP: 10/10 MP: 7/7
   491 | D:1      | Reached XP level 2. HP: 15/15 MP: 6/9
   495 | D:1      | Learned a level 2 spell: Call Imp
   498 | D:1      | Learned a level 2 spell: Blink
   501 | D:1      | Learned a level 2 spell: Repel Missiles
   997 | D:2      | Found a basalt altar of Yredelemnul.
  1187 | D:2      | Reached XP level 3. HP: 19/19 MP: 1/11
  1359 | D:2      | Reached skill level 5 in Spellcasting
  1464 | D:2      | Learned a level 3 spell: Mephitic Cloud
  2215 | D:1      | Reached skill level 1 in Air Magic
  2392 | D:2      | Reached XP level 4. HP: 24/24 MP: 7/13
  2397 | D:2      | Learned a level 3 spell: Conjure Flame
  2497 | D:2      | Found an ancient bone altar of Kikubaaqudgha.
  3209 | D:3      | Noticed Robin
  3239 | D:3      | Killed Robin
  3239 | D:3      | Reached skill level 1 in Poison Magic
  3688 | D:3      | Noticed Natasha
  3695 | D:3      | Reached XP level 5. HP: 28/28 MP: 4/15
  3696 | D:3      | Killed Natasha
  3705 | D:3      | Learned a level 2 spell: Slow
  3805 | D:3      | Found a shattered altar of Ashenzari.
  4155 | D:4      | Noticed a phantom
  4210 | D:3      | Noticed Natasha
  4216 | D:3      | Killed Natasha
  4367 | D:4      | Reached skill level 6 in Spellcasting
  4503 | D:4      | Found an iron altar of Okawaru.
  4523 | D:4      | Found a blossoming altar of Fedhas.
  5122 | D:4      | Found a white marble altar of Elyvilon.
  5122 | D:4      | Found a radiant altar of Vehumet.
  5162 | D:4      | Killed a phantom
  5162 | D:4      | Reached skill level 1 in Hexes
  5162 | D:4      | Reached XP level 6. HP: 25/32 MP: 1/17
  5872 | D:4      | Learned a level 3 spell: Gell's Gravitas
  6307 | D:4      | Reached XP level 7. HP: 36/36 MP: 10/19
  6423 | D:5      | Entered Level 5 of the Dungeon
  6901 | D:5      | Reached skill level 7 in Spellcasting
  6967 | D:5      | Found a staircase to the Ecumenical Temple.
  6976 | Temple   | Entered the Ecumenical Temple
  6996 | Temple   | Became a worshipper of Sif Muna the Loreminder
  7566 | D:5      | Found a snail-covered altar of Cheibriados.
  8016 | D:6      | Reached skill level 5 in Stealth
  8291 | D:6      | Reached * piety under Sif Muna
  8558 | D:6      | Reached skill level 5 in Dodging
  8607 | D:6      | Reached XP level 8. HP: 41/41 MP: 12/21
  8613 | D:6      | Learned a level 4 spell: Petrify
  9061 | D:6      | Reached skill level 1 in Charms
  9214 | D:6      | Found Quodukul's Jewellery Emporium.
  9222 | D:6      | Bought an uncursed ring of magical power for 220 gold pieces
  9544 | D:6      | Reached ** piety under Sif Muna
  9648 | D:6      | Reached skill level 8 in Spellcasting
  9648 | D:6      | Reached skill level 1 in Earth Magic
  9709 | D:6      | Reached skill level 1 in Transmutations
 10823 | D:7      | Reached XP level 9. HP: 45/45 MP: 23/23
 10906 | D:7      | Noticed Joseph
 11131 | D:7      | Reached *** piety under Sif Muna
 11337 | D:7      | Found an opulent altar of Gozag.
 11454 | D:7      | Reached skill level 1 in Evocations
 11560 | D:7      | Found a bloodstained altar of Trog.
 11690 | D:7      | Reached skill level 1 in Invocations
 12160 | D:7      | Killed Joseph
 12372 | D:8      | Reached skill level 9 in Spellcasting
 12479 | D:8      | Reached skill level 5 in Hexes
 12658 | D:8      | Reached **** piety under Sif Muna
 12859 | D:8      | Found a staircase to the Lair.
 13062 | D:8      | Found a stormy altar of Qazlal.
 13083 | D:8      | Reached XP level 10. HP: 50/50 MP: 19/25
 13473 | D:8      | Found a white marble altar of Elyvilon.
 13959 | D:8      | Reached skill level 5 in Charms
 14396 | D:9      | Learned a level 5 spell: Metabolic Englaciation
 14915 | D:9      | Reached skill level 5 in Conjurations
 15188 | D:9      | Found a glowing silver altar of Zin.
 15306 | D:9      | Found a sacrificial altar of Ru.
 15669 | D:9      | Found a shadowy altar of Dithmenos.
 15831 | D:9      | Learned a level 3 spell: Stone Arrow
 16160 | Lair:1   | Entered Level 1 of the Lair of Beasts
 16164 | Lair:1   | Reached skill level 1 in Ice Magic
 16232 | Lair:1   | Noticed a spiny frog
 16238 | Lair:1   | Killed a spiny frog
 16238 | Lair:1   | Reached skill level 5 in Translocations
 16769 | Lair:1   | Noticed a spiny frog
 16783 | Lair:1   | Killed a spiny frog
 17309 | Lair:2   | Noticed a six-headed hydra
 17836 | Lair:2   | Noticed a seven-headed hydra
 17858 | Lair:2   | Killed a seven-headed hydra
 17858 | Lair:2   | Reached XP level 11. HP: 54/54 MP: 21/26
 18331 | Lair:2   | Reached skill level 10 in Spellcasting
 18335 | Lair:2   | Noticed Harold
 18471 | Lair:2   | Reached ***** piety under Sif Muna
 18471 | Lair:2   | Received a gift from Sif Muna
 18536 | Lair:2   | Killed a six-headed hydra
 18536 | Lair:2   | Reached skill level 5 in Transmutations
 18811 | Lair:1   | Learned a level 4 spell: Throw Icicle
 19613 | Lair:3   | Found a staircase to the Snake Pit.
 19685 | Lair:3   | Reached skill level 5 in Earth Magic
 19887 | Lair:3   | Reached skill level 5 in Evocations
 20179 | Lair:3   | Reached skill level 5 in Invocations
 21265 | Lair:3   | Upgraded the game from 0.19.4-8-ga85b6b9 to 0.19.4-9-g45fd643
 21272 | Lair:3   | Learned a level 5 spell: Lee's Rapid Deconstruction
 21278 | Lair:3   | Learned a level 3 spell: Ozocubu's Armour
 21506 | Lair:4   | Reached XP level 12. HP: 59/59 MP: 27/28
 21602 | Lair:4   | Learned a level 3 spell: Regeneration
 22351 | Lair:4   | Found a staircase to the Swamp.
 22503 | Lair:4   | Noticed Nergalle
 22665 | Lair:4   | Killed Nergalle
 23106 | Lair:5   | Reached skill level 11 in Spellcasting
 23282 | Lair:5   | Learned a level 2 spell: Shroud of Golubria
 24187 | Lair:5   | Reached skill level 10 in Hexes
 24684 | Lair:5   | Found a staircase to the Slime Pits.
 24687 | Lair:5   | Found a viscous altar of Jiyva.
 24961 | Lair:6   | Entered Level 6 of the Lair of Beasts
 25165 | Lair:6   | Reached XP level 13. HP: 56/63 MP: 11/30
 25168 | Lair:6   | Reached skill level 5 in Ice Magic
 25536 | Lair:6   | Got a smoking bronze amulet
 25820 | Lair:6   | Identified the amulet "Rink" {Regen+ Str-2 Dex+2 Stlth+} (You found it on level 6 of the Lair of Beasts)
 25822 | Lair:6   | Found a burning altar of Makhleb.
 27388 | Lair:6   | Received a gift from Sif Muna
 27570 | Lair:6   | Reached skill level 10 in Dodging
 28443 | Lair:6   | Reached skill level 12 in Spellcasting
 28490 | Lair:6   | Reached XP level 14. HP: 51/68 MP: 16/32
 29452 | Lair:6   | Found a gateway to Hell.
 29632 | Lair:1   | Learned a level 4 spell: Olgreb's Toxic Radiance
 29850 | D:10     | Entered Level 10 of the Dungeon
 30511 | D:10     | Got a jewelled cloak
 30517 | D:10     | Identified the +2 cloak of the Stars {rPois rF+++ rN+ MR-} (You found it on level 10 of the Dungeon)
 31599 | D:11     | Received a gift from Sif Muna
 32510 | D:11     | Found a staircase to the Orcish Mines.
 35729 | D:13     | Found a portal to a secret trove of treasure.
 35896 | D:13     | Received a gift from Sif Muna
 36084 | Orc:1    | Entered Level 1 of the Orcish Mines
 36140 | Orc:1    | Noticed Erolcha
 36145 | Orc:1    | Killed Erolcha
 36514 | Orc:2    | Entered Level 2 of the Orcish Mines
 36520 | Orc:2    | Noticed a stone giant
 36596 | Orc:2    | Killed a stone giant
 36698 | Orc:2    | Found Atioruirey's Magic Scroll Boutique.
 36707 | Orc:2    | Found a staircase to the Elven Halls.
 36819 | Orc:2    | Bought a scroll of amnesia for 42 gold pieces
 36819 | Orc:2    | Bought a scroll of blinking for 90 gold pieces
 36819 | Orc:2    | Bought a scroll of identify for 24 gold pieces
 36819 | Orc:2    | Bought a scroll of recharging for 114 gold pieces
 36819 | Orc:2    | Bought a scroll of identify for 24 gold pieces
 36819 | Orc:2    | Bought a scroll of fear for 42 gold pieces
 36899 | Orc:2    | Found Cefel's Magic Scroll Shop.
 36916 | Orc:2    | Bought a scroll of identify for 26 gold pieces
 36916 | Orc:2    | Bought a scroll of identify for 26 gold pieces
 36916 | Orc:2    | Bought a scroll of enchant armour for 97 gold pieces
 36916 | Orc:2    | Bought a scroll of enchant armour for 97 gold pieces
 36916 | Orc:2    | Bought a scroll of identify for 26 gold pieces
 36916 | Orc:2    | Bought a scroll of identify for 26 gold pieces
 36916 | Orc:2    | Bought a scroll of identify for 26 gold pieces
 36916 | Orc:2    | Bought a scroll of identify for 26 gold pieces
 36916 | Orc:2    | Bought a scroll of teleportation for 39 gold pieces
 36916 | Orc:2    | Bought a scroll of amnesia for 45 gold pieces
 37054 | Lair:1   | Identified a scroll of acquirement
 37245 | Orc:2    | Reached XP level 15. HP: 72/72 MP: 0/33
 37534 | Orc:2    | Got a scorched lead ring
 37536 | Orc:2    | Identified the ring of Koll {Wiz -Tele rPois rF+++ MP-9} (You acquired it on level 2 of the Orcish Mines)
 37595 | Orc:2    | Found Atohitu's General Store.
 37595 | Orc:2    | Found Doydyc's Antique Armour Shop.
 37596 | Orc:2    | Found Azat's Armour Shoppe.
 37597 | Orc:2    | Found Daomar Gocu's Assorted Antiques.
 37617 | Orc:2    | Bought a scroll of identify for 50 gold pieces
 37617 | Orc:2    | Bought a puce potion for 22 gold pieces
 37617 | Orc:2    | Bought a smoky silvery potion for 22 gold pieces
 37617 | Orc:2    | Bought a scroll of teleportation for 75 gold pieces
 37617 | Orc:2    | Bought a large ruby ring for 125 gold pieces
 37620 | Orc:2    | Bought a scroll of blinking for 120 gold pieces
 37620 | Orc:2    | Bought a scroll of identify for 32 gold pieces
 37620 | Orc:2    | Bought a scroll of summoning for 152 gold pieces
 37709 | Orc:2    | Noticed an orc warlord
 37737 | Orc:2    | Killed an orc warlord
 37923 | Orc:2    | Found Oheuc's Weapon Shop.
 37924 | Orc:2    | Found Etway's Antique Weapon Emporium.
 37964 | Orc:2    | Found Cividghia's Gadget Shoppe.
 38011 | Orc:1    | Noticed Maurice
 38011 | Orc:1    | Noticed Gastronok
 38022 | Orc:2    | Killed Gastronok
 38022 | Orc:2    | Reached skill level 13 in Spellcasting
 38149 | Orc:2    | Killed Maurice
 38572 | Orc:1    | Found Ifosk's Food Shop.
 38577 | Orc:1    | Noticed Fannar
 38807 | Orc:1    | Killed Fannar
 38807 | Orc:1    | Reached skill level 10 in Conjurations
 39073 | Orc:2    | Bought the cursed +0 pair of gloves of the Flute {MR+ Str+2 Dex+3} for 369 gold pieces
 39454 | Lair:1   | Learned a level 5 spell: Iskenderun's Battlesphere
 39500 | Snake:1  | Entered Level 1 of the Snake Pit
 39816 | Snake:1  | Reached skill level 1 in Necromancy
 40209 | Snake:1  | Reached skill level 10 in Charms
 41536 | Snake:1  | Learned a level 1 spell: Summon Butterflies
 41870 | Snake:2  | Noticed Agnes
 41875 | Snake:2  | Killed Agnes
 41994 | Snake:2  | Reached skill level 10 in Ice Magic
 42146 | Snake:2  | Got a pair of twisted boots
 42157 | Snake:2  | Identified the +1 pair of boots "Teudiago" {rN++} (You acquired it on level 2 of the Snake Pit)
 42564 | Snake:2  | Reached XP level 16. HP: 76/76 MP: 35/35
 42684 | Snake:3  | Noticed Azrael
 42819 | Snake:3  | HP: 3/76 [naga sharpshooter/bolt[Vashnia] (15)]
 42820 | Snake:3  | Slain by a black mamba

Skill      XL: |  1  2  3  4  5  6  7  8  9 10 11 12 13 14 15 |
---------------+----------------------------------------------+-----
Dodging        | 3 4 5 6 7 8 9 10 11 12 | 12.0
Stealth        | 3 4 5 |  5.8
Spellcasting   | 5 6 7 8 9 10 11 12 13 | 13.5
Air Magic      | 1 2 3 |  3.8
Poison Magic   | 1 2 |  2.1
Conjurations   | 2 3 4 5 6 7 8 9 10 | 10.5
Hexes          | 1 2 4 5 6 7 10 11 12 | 12.4
Translocations | 2 3 4 5 6 7 |  7.0
Charms         | 2 4 5 7 9 10 | 10.7
Earth Magic    | 1 3 4 5 6 7 8 9 |  9.7
Summonings     | 2 3 4 |  4.3
Transmutations | 1 3 4 5 |  5.7
Evocations     | 2 4 5 6 7 8 9 |  9.6
Invocations    | 2 4 5 6 7 8 |  8.8
Ice Magic      | 1 3 4 7 8 10 | 10.1
Necromancy     | 3 |  3.6
Fighting       | |  0.1

Action                   |  1- 3 |  4- 6 |  7- 9 | 10-12 | 13-15 | 16-18 || total
-------------------------+-------+-------+-------+-------+-------+-------++-------
Melee: Dagger            |    11 |       |       |       |       |       ||    11
       Short sword       |       |    29 |    47 |     4 |       |       ||    80
       Spear             |       |       |       |    22 |       |       ||    22
       Staff             |       |       |       |    18 |    85 |       ||   103
 Cast: Magic Dart        |    94 |   205 |   375 |   187 |   147 |       ||  1008
       Call Imp          |    13 |    13 |    11 |       |       |       ||    37
       Repel Missiles    |     2 |       |     2 |       |     3 |       ||     7
       Mephitic Cloud    |     1 |     9 |    14 |     4 |       |       ||    28
       Blink             |     1 |     4 |     2 |    11 |    23 |       ||    41
       Gell's Gravitas   |       |     2 |    49 |    53 |       |       ||   104
       Conjure Flame     |       |       |    31 |    42 |       |       ||    73
       Stone Arrow       |       |       |       |    38 |       |       ||    38
       Petrify           |       |       |       |     8 |     3 |       ||    11
       Slow              |       |       |       |     5 |     5 |       ||    10
       Throw Icicle      |       |       |       |   188 |   736 |    11 ||   935
       Metabolic Englaci |       |       |       |     8 |    10 |     1 ||    19
       Lee's Rapid Decon |       |       |       |    38 |    73 |       ||   111
       Ozocubu's Armour  |       |       |       |    11 |    36 |     2 ||    49
       Shroud of Golubri |       |       |       |     6 |    37 |     2 ||    45
       Regeneration      |       |       |       |     2 |    11 |       ||    13
       Olgreb's Toxic Ra |       |       |       |       |    15 |       ||    15
       Iskenderun's Batt |       |       |       |       |    17 |       ||    17
Invok: Forget Spell      |       |       |       |     3 |     1 |       ||     4
       Channel Magic     |       |       |       |    10 |    22 |       ||    32
       Divine Energy     |       |       |       |     1 |       |       ||     1
 Abil: Evoke Flight      |       |       |       |       |     1 |       ||     1
  Use: Scroll            |       |     5 |     2 |    12 |    23 |       ||    42
       Potion            |       |       |     2 |     2 |     1 |       ||     5
 Stab: Distracted        |     1 |       |       |       |       |       ||     1
       Confused          |     1 |     3 |       |       |       |       ||     4
       Petrifying        |       |       |       |     1 |       |       ||     1
       Sleeping          |       |       |       |     1 |       |       ||     1
       Petrified         |       |       |       |     3 |       |       ||     3
  Eat: Chunk             |     4 |     7 |    15 |    36 |    38 |       ||   100
       Meat ration       |       |     1 |     1 |     1 |     4 |       ||     7
       Pizza             |       |       |       |     2 |       |       ||     2
       Beef jerky        |       |       |       |       |     3 |       ||     3
       Bread ration      |       |       |       |       |     1 |       ||     1
Armor: Robe              |     4 |    21 |    34 |    60 |   123 |     3 ||   245
Dodge: Dodged            |    26 |    59 |   102 |   196 |   582 |    11 ||   976
       Deflected         |     1 |       |     6 |       |    24 |     1 ||    32
